 Dungeon Crawl Stone Soup version 0.24-a0-22-g2a401c0 (console) character file.

Game seed: 5737714719930719148

259 Duffy the Chopper (level 6, 10/52 HPs)
             Began as a Naga Gladiator on Feb 1, 2019.
             Quit the game on level 3 of the Dungeon.
             The game lasted 00:01:19 (931 turns).

Duffy the Chopper (Naga Gladiator)                   Turns: 931, Time: 00:01:19

Health: 10/52      AC:  5    Str: 18    XL:     6   Next: 17%
Magic:  6/6        EV: 10    Int:  8    God:
Gold:   12         SH:  0    Dex: 13    Spells: 5/5 levels left

rFire    . . .     SeeInvis +   a - +1 war axe
rCold    . . .     Gourm    .   (no shield)
rNeg     . . .     Faith    .   b - +0 leather armour
rPois    +         Spirit   .   c - +0 helmet
rElec    .         Reflect  .   (no cloak)
rCorr    .         Harm     .   g - +0 pair of gloves (curse)
MR       .....                  (no barding)
Stlth    +.........             (no amulet)
HPRegen  0.17/turn              (no ring)
MPRegen  0.10/turn              (no ring)

@: slowed, lightly drained, very slow
A: large, see invisible, deformed body, poison resistance, slowness 2, slow
metabolism 1, spit poison 1, AC +2
a: Spit Poison


You were on level 3 of the Dungeon.
You were not hungry.

You visited 1 branch of the dungeon, and saw 3 of its levels.

You collected 12 gold pieces.

Inventory:

Hand Weapons
 a - a +1 war axe (weapon)
Missiles
 d - 3 throwing nets (quivered)
Armour
 b - a +0 leather armour (worn)
 c - a +0 helmet (worn)
 g - a cursed +0 pair of gloves (worn)
Wands
 i - a wand of paralysis (5)
Comestibles
 f - a ration
 h - 2 chunks of flesh


   Skills:
 - Level 2.0(1.9) Fighting
 + Level 6.7(6.6) Axes
 - Level 1.7(1.6) Throwing
 - Level 2.4(2.3) Dodging


You had 5 spell levels left.
You didn't know any spells.
Your spell library was empty.

Dungeon Overview and Level Annotations

Branches:
Dungeon (3/15)

Altars:


Innate Abilities, Weirdness & Mutations

You cannot wear boots.
Your serpentine skin is tough. (AC +2)
You have supernaturally acute eyesight. (SInv)
Armour fits poorly on your strangely shaped body.
Your system is resistant to poisons. (rPois)
You cover ground very slowly.
You have a slow metabolism.
You can spit poison.


Message History

You kill the orc!
The orc shouts!
You slash the orc!
You kill the orc!
The orc wizard gestures at you while chanting.
The puff of frost hits you.
The gnoll hits you from afar with a +0 spear.
The gnoll hits you but does no damage. The quokka barely misses you.
The orc wizard hits you with a +0 dagger.
The gnoll barely misses you. The gnoll closely misses you.
You aren't carrying any potions.
As you read the scroll labeled YRISIN SEPE, it crumbles to dust.
It is a scroll of enchant weapon.
Your +0 war axe glows red for a moment.
The orc wizard closely misses you. The quokka closely misses you.
The gnoll barely misses you.
An orc comes into view. It is wielding a +0 flail.
The orc wizard misses you. The gnoll hits you but does no damage.
The gnoll hits you with a cursed +0 flail.
The quokka barely misses you. The gnoll barely misses you.
Are you sure you want to abandon this character and quit the game? (Confirm with "yes".)

........................
#..........#............
#...........######..##.
#...<.[..##.# .##
#........##.# .#
####.#...##.####
#..##.........
...####.#......
.####@ogr.....## 7
#rggo...o## #..g.......#
######..$... ..##.. ..).
. ##..# #.#


You could see an orc wizard (invisible), 4 gnolls, 2 orcs and 2 quokkas.

Vanquished Creatures
  Sigmund (D:2)
  An orc priest (D:3)
  An orc wizard (D:3)
  A gnoll (D:3)
  A dart slug (D:1)
  A leopard gecko (D:1)
  6 orcs (D:3)
  A ball python (D:3)
  A giant cockroach (D:3)
  4 goblins
  2 hobgoblins (D:1)
  2 kobolds (D:3)
  A bat (D:1)
  3 frilled lizards
  A rat (D:2)
27 creatures vanquished.

Notes
Turn   | Place    | Note
-------+----------+-------------------------------------------
     0 | D:1      | Duffy the Naga Gladiator began the quest for the Orb.
     0 | D:1      | Reached XP level 1. HP: 19/19 MP: 1/1
    90 | D:1      | Reached XP level 2. HP: 14/26 MP: 2/2
   433 | D:2      | Noticed Sigmund
   445 | D:2      | Killed Sigmund
   445 | D:2      | Reached skill level 6 in Axes
   445 | D:2      | Reached XP level 3. HP: 17/32 MP: 3/3
   445 | D:2      | Reached XP level 4. HP: 21/39 MP: 4/4
   445 | D:2      | Reached XP level 5. HP: 25/45 MP: 5/5
   731 | D:3      | Reached XP level 6. HP: 41/52 MP: 6/6
   931 | D:3      | Quit the game

Vault maps used:
D:1:      lemuel_arrival_room, minivault_4, minmay_close_crescents
D:2:      chequers_temple_overflow_minitemple, uniq_natasha, uniq_sigmund
D:3:      serial_bayou_ford_a

Skill      XL: |  1  2 |
---------------+-------+-----
Axes           | 6 |  6.7
Fighting       | |  2.0
Throwing       | |  1.7
Dodging        | |  2.4

Action                   |  1- 3 |  4- 6 || total
-------------------------+-------+-------++-------
Melee: War axe           |    33 |    30 ||    63
 Abil: Spit Poison       |     5 |     1 ||     6
Evoke: Wand              |       |     3 ||     3
  Use: Potion            |       |     1 ||     1
       Scroll            |       |     1 ||     1
 Stab: Paralysed         |       |     4 ||     4
Armor: Leather armour    |     8 |     8 ||    16
       Skin              |       |    12 ||    12
Dodge: Dodged            |    18 |    27 ||    45

Table legend:
 A = Non-vault XP
 B = Vault XP
 C = Vault XP percentage of total XP
 D = Non-vault monster count
 E = Vault monster count
 F = Vault count percentage of total count
                 A         B        C        D         E       F
            +---------+---------+-------+---------+---------+-------
      Total |     148 |     223 |  60.1 |      26 |       1 |   3.7
            +---------+---------+-------+---------+---------+-------
        D:1 |      20 |       0 |   0.0 |      10 |       0 |   0.0
        D:2 |       3 |     223 |  98.7 |       2 |       1 |  33.3
        D:3 |     125 |       0 |   0.0 |      14 |       0 |   0.0
            +---------+---------+-------+---------+---------+-------
